 Dungeon Crawl Stone Soup version 0.27-a0-941-g386ccf399c (webtiles) character file.

Game seed: 13241770653673821092

21 Morbidden the Skirmisher (level 2, -2/25 HPs)
             Began as a Djinni Fighter on Apr 11, 2021.
             Slain by a centaur (5 damage)
             ... on level 2 of the Dungeon.
             The game lasted 00:00:43 (1377 turns).

Morbidden the Skirmisher (Djinni Fighter)           Turns: 1377, Time: 00:00:44

Health: -2/25      AC:  6    Str: 15    XL:     2   Next: 87%
Gold:   81         EV:  6    Int:  9    God:
                   SH:  8    Dex: 12

rFire    + + .     SeeInvis .   a - +0 long sword
rCold    x . .     Faith    .   c - +0 kite shield
rNeg     . . .     Spirit   .   b - +0 scale mail
rPois    ∞         Reflect  .   (no helmet)
rElec    .         Harm     .   (no cloak)
rCorr    .         Rampage  .   (no gloves)
Will     .....                  (boots unavailable)
Stlth    ..........             (no amulet)
HPRegen  0.08/turn              (no ring)
MPRegen  0.00/turn              (no ring)

@: mighty, flying
A: fire resistance 2, cold vulnerability 1, float, innate caster, hp casting,
extra vitality 1
a: no special abilities


You were on level 2 of the Dungeon.
You visited 1 branch of the dungeon, and saw 2 of its levels.

You collected 81 gold pieces.

Inventory:

Hand Weapons
 a - a +0 long sword (weapon)
Armour
 b - a +0 scale mail (worn)
 c - a +0 kite shield (worn)
Scrolls
 e - a scroll of amnesia {unknown}
 f - a scroll of enchant armour {unknown}
 g - a scroll of vulnerability {unknown}


   Skills:
 * Level 3.2 Fighting
 + Level 2.1 Long Blades
 + Level 3.1 Armour
 + Level 3.2 Shields
 * Level 0.3 Spellcasting


You had one spell level left.
You didn't know any spells.
Your spell library was empty.

Dungeon Overview and Level Annotations

Branches:
Dungeon (2/15)

Altars:


Innate Abilities, Weirdness & Mutations

You are immune to poison.
Your flesh is very heat resistant. (rF++)
You are vulnerable to cold. (rC-)
You float through the air rather than walking.
You learn spells naturally, not from books.
Your magical power is your life essence.
You have superior vitality. (+4 HP)


Message History

A centaur comes into view.
The centaur shouts!
The centaur wields a +0 shortbow.
The centaur shoots an arrow.
You block the arrow.
The centaur shoots an arrow.
The arrow hits you.
The centaur shoots an arrow.
The arrow barely misses you.
A centaur is nearby!
The centaur shoots an arrow.
You block the arrow.
The centaur shoots an arrow.
The arrow hits you!
A centaur is nearby!
A centaur is nearby!
The centaur unwields a +0 shortbow.
The centaur hits you but does no damage.
You block the centaur's attack.
You hit the centaur but do no damage. The centaur hits you.
You block the centaur's attack.
The centaur hits you but does no damage.
The centaur kicks you.
You are too injured to fight recklessly!
You are too injured to fight recklessly!
Unknown command.
You feel very mighty all of a sudden. You block the centaur's attack.
The centaur barely misses you. You block the centaur's attack.
The centaur kicks you but does no damage.
You slash the centaur!
The centaur is heavily wounded.
The centaur hits you.
* * * LOW HITPOINT WARNING * * *
The centaur kicks you but does no damage.
The centaur hits you but does no damage.
The centaur kicks you.
* * * LOW HITPOINT WARNING * * *
Unknown command.
You barely miss the centaur.
The centaur is heavily wounded.
The centaur hits you.
* * * LOW HITPOINT WARNING * * *
The centaur kicks you but does no damage.
The centaur hits you.
You die...

###########
#.........# ###
#.#######.#
##.## #.#
#####.###.#.##
#.#
#........###.#
#@#
#.....###.#.##
#.c.........#
##.##
#....####....#
#.# #..#...
......# #.#
#....######.###
#.# #.### #.
###.### # ##+#
#.....#
##...###.###.#
##..<..##.# #..


You could see a centaur.

Vanquished Creatures
  6 endoplasms
  A kobold (D:1)
  3 quokkas
  A frilled lizard (D:2)
  4 goblins
  3 rats (D:2)
18 creatures vanquished.

Notes
Turn   | Place    | Note
-------+----------+-------------------------------------------
     0 | D:1      | Morbidden the Djinni Fighter began the quest for the Orb.
     0 | D:1      | Reached XP level 1. HP: 20/20 MP: 0/0
   537 | D:1      | Reached XP level 2. HP: 19/25 MP: 0/0
   843 | D:1      | Found a faded altar of an unknown god.
  1369 | D:2      | Noticed a centaur
  1377 | D:2      | Slain by a centaur

Illustrated notes

Levels and vault maps discovered:
D:1:      minmay_arrival_three_doors, layout_basic,
          ebering_ecumenical_altar_mist
D:2:      layout_loops_corners

Skill      XL: |  1  2 |
---------------+-------+-----
Long Blades    | 2 |  2.1
Fighting       | |  3.2
Armour         | |  3.1
Shields        | |  3.2
Spellcasting   | |  0.3

Action                   || total
-------------------------++-------
Melee: Long sword        ||    60
  Use: Potion            ||     1
Armor: Scale mail        ||    43
Dodge: Dodged            ||    10
Block: Kite shield       ||    30
       Rpst.: Long sword ||     4

Table legend: (Time is in decaauts)
 A = Elapsed time spent in this place.
 B = Non-inter-level travel time spent in this place.
 C = Inter-level travel time spent in this place.
 D = Time resting spent in this place.
 E = Time spent auto-exploring this place.
 F = Levels seen in this place.
 G = Mean time per level.
                   A        B        C        D        E       F      G
               +--------+--------+--------+--------+--------+-----+--------+
         Total |   1409 |   1392 |     17 |      0 |   1241 |   2 |  704.5 |
       Dungeon |   1409 |   1392 |     17 |      0 |   1241 |   2 |  704.5 |
               +--------+--------+--------+--------+--------+-----+--------+

Top non-repeatable levels by time:
     D:1: 1060 daAuts
     D:2: 349 daAuts
